| TOP OF THE 1ST |
|
West Michigan Whitecaps batting - Pitching for Greenville Drive : RHP Chris Cory
|
|
Pitching: RHP Chris Cory
|
|
|
Batting: RHB Brandon O'Malley
|
0-0: Bunt missed! 0-1: Called Strike 0-2: Ball 1-2: Ball 2-2: Ground out U3 (Groundball, 3, EV 78.1 MPH)
|
|
Batting: SHB Willie Medina
|
0-0: Swinging Strike 0-1: Foul Ball, location: 2F 0-2: Foul Ball, location: 2F 0-2: SINGLE (Line Drive, 9S, EV 89.4 MPH)
|
|
Batting: SHB Chris Wagler
|
0-0: Ball Wild Pitch! Willie Medina to second 1-0: Foul Ball, location: 2F 1-1: Called Strike 1-2: Foul Ball, location: 2F 1-2: Ball 2-2: Fly out, F8 (Flyball, 78M, EV 80.6 MPH)
|
|
Batting: RHB Tony Nunez
|
0-0: Ball 1-0: Ball 2-0: Fly out, F7 (Flyball, 78S, EV 87.5 MPH)
|
| Top of the 1st over - 0 runs, 1 hit, 0 errors, 1 left on base; West Michigan 0 - Greenville 0 |
| BOTTOM OF THE 1ST |
|
Greenville Drive batting - Pitching for West Michigan Whitecaps : RHP Dale Gilbert
|
|
Pitching: RHP Dale Gilbert
|
|
|
Batting: RHB Larry Brocato
|
0-0: Ball 1-0: Ball 2-0: Foul Ball, location: 2F 2-1: Called Strike 2-2: Foul Ball, location: 2F 2-2: SINGLE (Groundball, 34D, EV 109.4 MPH)
|
|
Batting: RHB David Norum
|
0-0: Ball 1-0: Called Strike Larry Brocato is caught stealing 2nd base 2-4 1-1: Swinging Strike 1-2: Ground out 3-1 (Groundball, 13, EV 94.4 MPH)
|
|
Batting: LHB Nelis Geurts
|
0-0: Swinging Strike 0-1: Ground out 4-3 (Groundball, 4, EV 91.2 MPH)
|
| Bottom of the 1st over - 0 runs, 1 hit, 0 errors, 0 left on base; West Michigan 0 - Greenville 0 |
| TOP OF THE 2ND |
|
West Michigan Whitecaps batting - Pitching for Greenville Drive : RHP Chris Cory
|
|
Batting: RHB Joe Zimmerman
|
0-0: Called Strike 0-1: Foul Ball, location: 2F 0-2: Ball 1-2: Foul Ball, location: 2F 1-2: Ground out 6-3 (Groundball, 6MS, EV 76.9 MPH)
|
|
Batting: RHB Mike Sebastian
|
0-0: Ball 1-0: Ball 2-0: Called Strike 2-1: Foul Ball, location: 2F 2-2: Ball 3-2: Foul Ball, location: 2F 3-2: Ground out 6-3 (Groundball, 6, EV 80.6 MPH)
|
|
Batting: RHB Jamie Villagrana
|
0-0: Foul Ball, location: 2F 0-1: Ball 1-1: Ball 2-1: Foul Ball, location: 2F 2-2: SOLO HOME RUN (Flyball, 78XD, EV 102.5 MPH), Distance : 436 ft
|
|
Batting: LHB Brad Gaskill
|
0-0: Foul Ball, location: 2F 0-1: SOLO HOME RUN (Flyball, 78XD, EV 111.2 MPH), Distance : 414 ft
|
|
Batting: RHB Ernst Meloche
|
0-0: Ball 1-0: Ball 2-0: Ball 3-0: Base on Balls
|
|
Batting: RHB Brandon O'Malley
|
0-0: Fielders Choice at 2nd, 5-4 (Groundball, 56, EV 88.8 MPH)
|
| Top of the 2nd over - 2 runs, 2 hits, 0 errors, 1 left on base; West Michigan 2 - Greenville 0 |
| BOTTOM OF THE 2ND |
|
Greenville Drive batting - Pitching for West Michigan Whitecaps : RHP Dale Gilbert
|
|
Batting: SHB Carter Cromsie
|
0-0: Ball 1-0: Ball 2-0: Ball 3-0: Called Strike 3-1: Foul Ball, location: 2F 3-2: Base on Balls
|
|
Batting: RHB Mike Batko
|
0-0: Called Strike 0-1: Swinging Strike 0-2: Ball 1-2: Strikes out looking
|
|
Batting: SHB Greg Shaw
|
0-0: Ball 1-0: Ball Carter Cromsie steals 2nd, throwing error, E2 Carter Cromsie to third 2-0: Ground out U3 (Groundball, 3L, EV 83.8 MPH)
|
|
Batting: LHB John Criswell
|
0-0: Ground out U3 (Groundball, 3, EV 87.5 MPH)
|
| Bottom of the 2nd over - 0 runs, 0 hits, 1 error, 1 left on base; West Michigan 2 - Greenville 0 |
| TOP OF THE 3RD |
|
West Michigan Whitecaps batting - Pitching for Greenville Drive : RHP Chris Cory
|
|
Batting: SHB Willie Medina
|
0-0: Ball 1-0: Ball 2-0: Called Strike 2-1: Foul Ball, location: 2F 2-2: Foul Ball, location: 2F 2-2: Foul Ball, location: 2F 2-2: SINGLE (Line Drive, 7LS, EV 105.0 MPH)
|
|
Batting: SHB Chris Wagler
|
0-0: Called Strike 0-1: Ball 1-1: Ball Willie Medina is caught stealing 2nd base 2-6 2-1: Fly out, F7 (Flyball, 7, EV 93.1 MPH)
|
|
Batting: RHB Tony Nunez
|
0-0: Called Strike 0-1: Ball 1-1: Ground out 2-3 (Groundball, 2R, EV 66.2 MPH)
|
| Top of the 3rd over - 0 runs, 1 hit, 0 errors, 0 left on base; West Michigan 2 - Greenville 0 |
| BOTTOM OF THE 3RD |
|
Greenville Drive batting - Pitching for West Michigan Whitecaps : RHP Dale Gilbert
|
|
Batting: RHB Ted Emmerich
|
0-0: Ball 1-0: Foul Ball, location: 2F 1-1: Swinging Strike 1-2: Ball 2-2: SINGLE (Groundball, 25, EV 61.9 MPH) (infield hit)
|
|
Batting: RHB Rogelio Cervantes
|
0-0: Fly out, F8 (Flyball, 8LD, EV 103.1 MPH)
|
|
Batting: RHB Larry Brocato
|
0-0: Ball Wild Pitch! Ted Emmerich to second 1-0: Fly out, F5 (Line Drive, 56, EV 70.0 MPH) Lined into DP, 5-4 (Line Drive, 56, EV 69.4 MPH)
|
| Bottom of the 3rd over - 0 runs, 1 hit, 0 errors, 0 left on base; West Michigan 2 - Greenville 0 |
| TOP OF THE 4TH |
|
West Michigan Whitecaps batting - Pitching for Greenville Drive : RHP Chris Cory
|
|
Batting: RHB Joe Zimmerman
|
0-0: Ball 1-0: DOUBLE (Line Drive, 7LS, EV 106.2 MPH)
|
|
Batting: RHB Mike Sebastian
|
0-0: Ball 1-0: Called Strike 1-1: Ball 2-1: SINGLE (Line Drive, 9S, EV 99.4 MPH) Joe Zimmerman to third
|
|
Batting: RHB Jamie Villagrana
|
0-0: Ball Mike Sebastian steals 2nd base 1-0: Swinging Strike 1-1: Ball 2-1: Foul Ball, location: 2F 2-2: Strikes out swinging
|
|
Batting: LHB Brad Gaskill
|
0-0: Called Strike 0-1: Called Strike 0-2: Strikes out swinging
|
|
Batting: RHB Ernst Meloche
|
0-0: Ball 1-0: Ball 2-0: Foul Ball, location: 2F 2-1: Swinging Strike 2-2: Fly out, F9 (Line Drive, 9, EV 108.8 MPH)
|
| Top of the 4th over - 0 runs, 2 hits, 0 errors, 2 left on base; West Michigan 2 - Greenville 0 |
| BOTTOM OF THE 4TH |
|
Greenville Drive batting - Pitching for West Michigan Whitecaps : RHP Dale Gilbert
|
|
Batting: RHB David Norum
|
0-0: Bunt for hit to 5S - play at first, batter OUT! 5-3
|
|
Batting: LHB Nelis Geurts
|
0-0: Called Strike 0-1: SINGLE (Line Drive, 89M, EV 90.6 MPH)
|
|
Batting: SHB Carter Cromsie
|
0-0: Ball 1-0: Ball Nelis Geurts steals 2nd base 2-0: Ball 3-0: Called Strike 3-1: Base on Balls
|
|
Batting: RHB Mike Batko
|
0-0: Ball 1-0: Grounds into double play, 5-4-3 (Groundball, 56S, EV 89.4 MPH)
|
| Bottom of the 4th over - 0 runs, 1 hit, 0 errors, 1 left on base; West Michigan 2 - Greenville 0 |
| TOP OF THE 5TH |
|
West Michigan Whitecaps batting - Pitching for Greenville Drive : RHP Chris Cory
|
|
Batting: RHB Brandon O'Malley
|
0-0: Bunt missed! 0-1: Ball 1-1: Swinging Strike 1-2: Ball 2-2: Ball 3-2: Foul Ball, location: 2F 3-2: Base on Balls
|
|
Batting: SHB Willie Medina
|
0-0: Ball 1-0: Swinging Strike 1-1: Foul Ball, location: 2F 1-2: Fielders Choice at 2nd, 5-4 (Groundball, 5L, EV 82.5 MPH)
|
|
Batting: SHB Chris Wagler
|
0-0: Called Strike 0-1: Swinging Strike 0-2: SINGLE (Groundball, 56D, EV 94.4 MPH) Willie Medina to second
|
|
Batting: RHB Tony Nunez
|
0-0: Called Strike 0-1: Ball Passed Ball! Willie Medina to third Chris Wagler to second 1-1: 3-RUN HOME RUN (Line Drive, 7LD, EV 100.0 MPH), Distance : 395 ft
|
|
Batting: RHB Joe Zimmerman
|
0-0: Foul Ball, location: 2F 0-1: Foul Ball, location: 2F 0-2: Ball 1-2: Ball 2-2: Fly out, F9 (Line Drive, 9S, EV 97.5 MPH)
|
|
Batting: RHB Mike Sebastian
|
0-0: Foul Ball, location: 2F 0-1: Foul Ball, location: 2F 0-2: Foul Ball, location: 2F 0-2: Foul Ball, location: 2F 0-2: Foul Ball, location: 2F 0-2: Ball 1-2: Strikes out swinging
|
| Top of the 5th over - 3 runs, 2 hits, 0 errors, 0 left on base; West Michigan 5 - Greenville 0 |
| BOTTOM OF THE 5TH |
|
Greenville Drive batting - Pitching for West Michigan Whitecaps : RHP Dale Gilbert
|
|
Batting: SHB Greg Shaw
|
0-0: Foul Ball, location: 2F 0-1: Ball 1-1: Ground out 4-3 (Groundball, 34, EV 100.6 MPH)
|
|
Batting: LHB John Criswell
|
0-0: Ball 1-0: Ball 2-0: Ball 3-0: Called Strike 3-1: Foul Ball, location: 2F 3-2: Foul Ball, location: 2F 3-2: Fly out, F6 (Popup, 56, EV 60.6 MPH)
|
|
Batting: RHB Ted Emmerich
|
0-0: Ball 1-0: Foul Ball, location: 2F 1-1: Ball 2-1: Ball 3-1: Base on Balls
|
|
Batting: RHB Rogelio Cervantes
|
0-0: Ball 1-0: Called Strike 1-1: Ball 2-1: Ball 3-1: Foul Ball, location: 2F 3-2: Strikes out looking
|
| Bottom of the 5th over - 0 runs, 0 hits, 0 errors, 1 left on base; West Michigan 5 - Greenville 0 |
| TOP OF THE 6TH |
|
West Michigan Whitecaps batting - Pitching for Greenville Drive : RHP Chris Cory
|
|
Pitching: RHP Eddie Mosley
|
|
|
Batting: RHB Jamie Villagrana
|
0-0: Swinging Strike 0-1: Swinging Strike 0-2: Ground out 6-3 (Groundball, 6M, EV 90.6 MPH)
|
|
Batting: LHB Brad Gaskill
|
0-0: Foul Ball, location: 2F 0-1: Swinging Strike 0-2: Ball 1-2: Foul Ball, location: 2F 1-2: Ball 2-2: Strikes out looking
|
|
Batting: RHB Ernst Meloche
|
0-0: Foul Ball, location: 2F 0-1: Foul Ball, location: 2F 0-2: Strikes out looking
|
| Top of the 6th over - 0 runs, 0 hits, 0 errors, 0 left on base; West Michigan 5 - Greenville 0 |
| BOTTOM OF THE 6TH |
|
Greenville Drive batting - Pitching for West Michigan Whitecaps : RHP Dale Gilbert
|
|
Batting: RHB Larry Brocato
|
0-0: Ball 1-0: Foul Ball, location: 2F 1-1: Ball 2-1: Ball 3-1: Called Strike 3-2: Ground out 6-3 (Groundball, 6, EV 88.1 MPH)
|
|
Batting: RHB David Norum
|
0-0: SINGLE (Groundball, 6D, EV 95.0 MPH)
|
|
Batting: LHB Nelis Geurts
|
0-0: Ball 1-0: Fly out, F8 (Flyball, 78M, EV 91.2 MPH)
|
|
Batting: SHB Carter Cromsie
|
0-0: Called Strike David Norum is caught stealing 2nd base 2-6
|
| Bottom of the 6th over - 0 runs, 1 hit, 0 errors, 0 left on base; West Michigan 5 - Greenville 0 |
| TOP OF THE 7TH |
|
West Michigan Whitecaps batting - Pitching for Greenville Drive : RHP Eddie Mosley
|
|
Batting: RHB Brandon O'Malley
|
0-0: Ground out 5-3 (Groundball, 56S, EV 61.2 MPH)
|
|
Batting: SHB Willie Medina
|
0-0: Ball 1-0: Swinging Strike 1-1: SINGLE (Flyball, 78S, EV 91.9 MPH)
|
|
Batting: SHB Chris Wagler
|
0-0: Foul Ball, location: 2F 0-1: Ball 1-1: Ball 2-1: Foul Ball, location: 2F 2-2: Grounds into double play, 6-4-3 (Groundball, 56, EV 86.2 MPH)
|
| Top of the 7th over - 0 runs, 1 hit, 0 errors, 0 left on base; West Michigan 5 - Greenville 0 |
| BOTTOM OF THE 7TH |
|
Greenville Drive batting - Pitching for West Michigan Whitecaps : RHP Dale Gilbert
|
|
Batting: SHB Carter Cromsie
|
0-0: Ball 1-0: Ball 2-0: Foul Ball, location: 2F 2-1: Called Strike 2-2: SINGLE (Groundball, 3, EV 94.4 MPH)
|
|
Batting: RHB Mike Batko
|
0-0: Called Strike 0-1: SINGLE (Groundball, 56D, EV 105.6 MPH) Carter Cromsie to second
|
|
Batting: SHB Greg Shaw
|
0-0: Ball 1-0: Bunted foul 1-1: Reached on error, E5 (Groundball, 25, EV 43.8 MPH) Carter Cromsie scores Mike Batko to third
|
|
Batting: LHB John Criswell
|
0-0: Ball 1-0: Called Strike 1-1: Foul Ball, location: 2F 1-2: Ball 2-2: Ground out 4-3 (Groundball, 34D, EV 86.9 MPH) Mike Batko scores Greg Shaw to third
|
|
Pitching: RHP Eddie Hodgson
|
|
|
Batting: RHB Ted Emmerich
|
0-0: Ball 1-0: Ball 2-0: Ball 3-0: Called Strike 3-1: Base on Balls
|
|
Batting: RHB Rogelio Cervantes
|
0-0: Ball 1-0: Ball 2-0: Grounds into double play, 6-4-3 (Groundball, 56, EV 108.1 MPH)
|
| Bottom of the 7th over - 2 runs, 2 hits, 1 error, 1 left on base; West Michigan 5 - Greenville 2 |
| TOP OF THE 8TH |
|
West Michigan Whitecaps batting - Pitching for Greenville Drive : RHP Eddie Mosley
|
|
Pitching: LHP Fernando Mendoza
|
|
|
Batting: RHB Tony Nunez
|
0-0: Called Strike 0-1: Ground out 4-3 (Groundball, 34, EV 84.4 MPH)
|
|
Batting: RHB Joe Zimmerman
|
0-0: Ball 1-0: Fly out, F9 (Line Drive, 9, EV 94.4 MPH)
|
|
Batting: RHB Mike Sebastian
|
0-0: Foul Ball, location: 2F 0-1: Ball 1-1: Ball 2-1: Fly out, F9 (Flyball, 9D, EV 106.2 MPH)
|
| Top of the 8th over - 0 runs, 0 hits, 0 errors, 0 left on base; West Michigan 5 - Greenville 2 |
| BOTTOM OF THE 8TH |
|
Greenville Drive batting - Pitching for West Michigan Whitecaps : RHP Eddie Hodgson
|
|
Batting: RHB Larry Brocato
|
0-0: Swinging Strike 0-1: Swinging Strike 0-2: Foul Ball, location: 2F 0-2: Ball 1-2: Foul Ball, location: 2F 1-2: Ball 2-2: Strikes out swinging
|
|
Batting: RHB David Norum
|
0-0: Ball 1-0: Ball 2-0: Ball 3-0: Called Strike 3-1: Ground out 4-3 (Groundball, 4, EV 104.4 MPH)
|
|
Batting: LHB Nelis Geurts
|
0-0: Ball 1-0: Called Strike 1-1: Ball 2-1: Swinging Strike 2-2: Foul Ball, location: 2F 2-2: Strikes out swinging
|
| Bottom of the 8th over - 0 runs, 0 hits, 0 errors, 0 left on base; West Michigan 5 - Greenville 2 |
| TOP OF THE 9TH |
|
West Michigan Whitecaps batting - Pitching for Greenville Drive : LHP Fernando Mendoza
|
|
Batting: RHB Jamie Villagrana
|
0-0: Ball 1-0: Ball 2-0: Called Strike 2-1: Called Strike 2-2: Strikes out looking
|
|
Batting: RHB Jon Goldstein
|
0-0: Called Strike 0-1: Called Strike 0-2: Foul Ball, location: 2F 0-2: Ball 1-2: Ground out 6-3 (Groundball, 6, EV 89.4 MPH)
|
|
Batting: RHB Ernst Meloche
|
0-0: Ball 1-0: Ball 2-0: Ball 3-0: Base on Balls
|
|
Batting: RHB Brandon O'Malley
|
0-0: Ball 1-0: Hit by Pitch Ernst Meloche to second
|
|
Batting: SHB Willie Medina
|
0-0: Ground out 4-3 (Groundball, 34, EV 98.8 MPH)
|
| Top of the 9th over - 0 runs, 0 hits, 0 errors, 2 left on base; West Michigan 5 - Greenville 2 |
| BOTTOM OF THE 9TH |
|
Greenville Drive batting - Pitching for West Michigan Whitecaps : RHP Eddie Hodgson
|
|
Pitching: LHP George Moran
|
|
|
Batting: SHB Carter Cromsie
|
0-0: Foul Ball, location: 2F 0-1: Ground out 1-3 (Groundball, P, EV 65.0 MPH)
|
|
Batting: RHB Mike Batko
|
0-0: SINGLE (Groundball, 4MD, EV 97.5 MPH)
|
|
Batting: SHB Greg Shaw
|
0-0: Ball 1-0: Called Strike 1-1: Foul Ball, location: 2F 1-2: Fly out, F7 (Flyball, 7S, EV 80.6 MPH)
|
|
Pinch Hitting: RHB Nick Spiller
|
0-0: Foul Ball, location: 2F 0-1: Ball 1-1: Ball 2-1: Ball 3-1: Foul Ball, location: 2F 3-2: Base on Balls Mike Batko to second
|
|
Batting: RHB Ted Emmerich
|
0-0: Called Strike 0-1: Ball 1-1: Called Strike 1-2: Ball 2-2: Foul Ball, location: 2F 2-2: Strikes out swinging
|
| Bottom of the 9th over - 0 runs, 1 hit, 0 errors, 2 left on base; West Michigan 5 - Greenville 2 |
|